 Dungeon Crawl Stone Soup version 0.31-a0-765-g67fe2935dc (webtiles) character file.

Game seed: 3261498218204378864

1848311 EnegeticOcto the Intangible (level 25, 171/171 HPs)
             Began as a Felid Shapeshifter on Sept 15, 2023.
             Was the Champion of Wu Jian.
             Escaped with the Orb
             ... and 3 runes on Sept 16, 2023!
             The game lasted 01:54:49 (55019 turns).

EnegeticOcto the Intangible (Felid Shapeshifter)   Turns: 55019, Time: 01:54:50

Health: 171/171    AC: 34    Str: 19    XL:     25   Next: 49%
Magic:  33/33      EV: 61    Int: 12    God:    Wu Jian [******]
Gold:   6311       SH:  0    Dex: 34    Spells: 19/24 levels left
                                        Lives:  2   Deaths: 2

rFire   + .          .
                       - Unarmed
rCold   + . .        (shield unavailable)
rNeg    + . .        (body armour unavailable)
rPois   ∞            (helmet unavailable)
rElec   +            (cloak unavailable)
rCorr   .            (gloves unavailable)
SInv    +            (boots unavailable)
Will    +++..        t - amulet of Law {Drain +Blink rPois Regen+ Str+3}
Stlth   ++           B - ring of Jowotwos {rPois rF+ Str+6 Dex+4 Stlth+}
HPRegen 1.28/turn    Q - ring "Emnupsib" {Wiz rC+ MP+9 Dex+3}
MPRegen 0.23/turn

%: wizardry (x1)
@: statue-form, studying Evocations, very slow
A: slow and powerful, torment resistance 1, boosted hp, very small, claws 1,
fangs 3, see invisible, (speed 1), (shaggy fur 3), stealthy paws, no weapons or
thrown items, no armour, multi-lived
0: Orb of Zot
}: 3/15 runes: barnacled, silver, gossamer
a: Begin Untransformation, Renounce Religion, Evoke Blink, Wall Jump, Serpent's
Lash, Heavenly Storm


You escaped.
You worshipped Wu Jian.
Wu Jian was exalted by your worship.
You were a living statue of rough stone.
You visited 10 branches of the dungeon, and saw 50 of its levels.
You visited 1 bazaar.
You also visited: Gauntlet and Ice Cave.

You collected 9196 gold pieces.
You spent 2885 gold pieces at shops.

Inventory:

Jewellery
 j - the ring of Buqep {rElec rPois rF+ Int-3 Dex+3}
   (You took it off a deep elf high priest on level 3 of the Elven Halls)

   [ring of poison resistance]

   Int-3:     It affects your intelligence (-3).
   Dex+3:     It affects your dexterity (+3).
   rF+:       It protects you from fire.
   rElec:     It insulates you from electricity.
   rPois:     It protects you from poison
 t - the amulet of Law (around neck) {Drain +Blink rPois Regen+ Str+3}
   (You found it on level 7 of the Dungeon)

   [amulet of regeneration]

   Str+3:     It affects your strength (+3).
   rPois:     It protects you from poison +Blink: It lets you blink.
   Regen+:    It increases your rate of health regeneration.
   Drain:     It drains your maximum health when unequipped.
 A - the ring "Xuoh" {+Blink rPois rN+}
   (You found it in a Gauntlet)

   [ring of poison resistance]

   rPois:     It protects you from poison rN+: It protects you from negative
   energy.
   +Blink:    It lets you blink.
 B - the ring of Jowotwos (left paw) {rPois rF+ Str+6 Dex+4 Stlth+}
   (You found it on level 2 of the Depths)

   [ring of strength]

   Str+6:     It affects your strength (+6).
   Dex+4:     It affects your dexterity (+4).
   rF+:       It protects you from fire.
   rPois:     It protects you from poison Stlth+: It makes you more stealthy.
 O - the ring "Hiajas" {rN+ Will+}
   (You found it on level 3 of the Crypt)

   [ring of positive energy]

   rN+:       It protects you from negative energy.
   Will+:     It increases your willpower.
 Q - the ring "Emnupsib" (right paw) {Wiz rC+ MP+9 Dex+3}
   (You took it off a vampire knight on level 3 of the Depths)

   [ring of wizardry]

   Wiz:       It improves your spell success rate.
   Dex+3:     It affects your dexterity (+3).
   rC+:       It protects you from cold.
   MP+9:      It affects your magic capacity (+9).
 S - the ring of the Ant {Str+3 Dex+3 Slay+4}
   (You found it in an ice cave)

   [ring of slaying]

   Str+3:     It affects your strength (+3).
   Dex+3:     It affects your dexterity (+3).
   Slay+4:    It affects your accuracy & damage with ranged weapons and melee
   (+4).
 W - the ring "Lyt Xaus" {rCorr EV+5}
   (You took it off a deep elf sorcerer on level 3 of the Elven Halls)

   [ring of evasion]

   EV+5:      It affects your evasion (+5).
   rCorr:     It protects you from acid and corrosion.
Talismans
 b - a dragon-blood talisman
   (You found it on level 5 of the Lair of Beasts)
 M - a granite talisman (active)
   (You took it off Roxanne on level 14 of the Dungeon)
Wands
 a - a wand of polymorph (20)
   (You took it off Ijyb on level 4 of the Dungeon)
 m - a wand of digging (36) {@v3}
   (You found it on level 5 of the Dungeon)
 o - a wand of paralysis (44)
   (You found it on level 6 of the Dungeon)
 p - a wand of mindburst (39)
   (You found it on level 6 of the Dungeon)
 E - a wand of iceblast (14) {@v2}
   (You found it on level 3 of the Lair of Beasts)
 J - a wand of quicksilver (18) {@v1}
   (You found it on level 4 of the Dungeon)
 L - a wand of flame (69) {@v4}
   (You found it on level 2 of the Orcish Mines)
Scrolls
 i - a scroll of silence {!r}
 k - 3 scrolls of summoning
 n - 4 scrolls of revelation {@r5 !r}
 r - 2 scrolls of torment
 s - 5 scrolls of fear {!r}
 w - 6 scrolls of immolation
 y - 22 scrolls of teleportation {@r3 !r}
 H - 7 scrolls of vulnerability
 N - 2 scrolls of blinking {@r4}
 P - 4 scrolls of poison
 R - 6 scrolls of fog {!r}
Potions
 c - 6 potions of cancellation
 d - 19 potions of curing {@q1 !q}
 e - 7 potions of enlightenment
 f - 8 potions of heal wounds {@q2 !q}
 g - 4 potions of berserk rage
 h - 11 potions of haste {@q4 !q}
 l - 13 potions of ambrosia
 q - 7 potions of might {@q3 !q}
 u - 7 potions of invisibility
 v - 9 potions of attraction
 x - 11 potions of mutation
 z - 3 potions of resistance
 D - 5 potions of magic
 I - 6 potions of lignification {@q6}
Miscellaneous
 G - a tin of tremorstones (2/2)
   (You found it on level 4 of the Lair of Beasts)
 K - a sack of spiders
   (You found it on level 15 of the Dungeon)
 T - a phantom mirror
   (You found it on level 4 of the Shoals)


   Skills:
 + Level 23.2 Fighting
 O Level 27 Dodging
 - Level 8.0 Stealth
 + Level 23.6 Unarmed Combat
 - Level 6.0 Translocations
 - Level 20.0 Evocations
 - Level 22.0 Shapeshifting


You had 19 spell levels left.
You knew the following spells:

 Your Spells              Type           Power      Damage    Failure   Level
a - Apportation           Tloc           28%        N/A       1%          1
p - Passwall              Tmut/Erth      0%         N/A       21%         2
Y - Blink                 Tloc           28%        N/A       1%          2

Your spell library contained the following spells:

 Spells                   Type           Power      Damage    Failure   Level
 Lesser Beckoning         Tloc           28%        N/A       1%          2
 Momentum Strike          Conj/Tloc      14%        3d8       6%          2
 Manifold Assault         Tloc           14%        N/A       12%         4
 Passage of Golubria      Tloc           14%        N/A       12%         4
 Foxfire                  Conj/Fire      0%         2x1d4     13%         1
 Freeze                   Ice            0%         1d3       13%         1
 Kiss of Death            Conj/Necr      0%         2d5       13%         1
 Magic Dart               Conj           0%         1d3       13%         1
 Necrotise                Necr           0%         1d4       13%         1
 Sandblast                Erth           0%         2d4       13%         1
 Slow                     Hex            0%         N/A       13%         1
 Sting                    Tmut/Pois      0%         1d3       13%         1
 Summon Small Mammal      Summ           0%         N/A       13%         1
 Call Imp                 Summ           0%         N/A       21%         2
 Cigotuvi's Dreadful Rot  Necr/Pois/Air  0%         N/A       21%         2
 Ensorcelled Hibernation  Hex/Ice        0%         N/A       21%         2
 Poisonous Vapours        Pois/Air       0%         N/A       21%         2
 Searing Ray              Conj           0%         2d4       21%         2
 Static Discharge         Conj/Air       0%         2-2/arc   21%         2
 Call Canine Familiar     Summ           0%         N/A       36%         3
 Confusing Touch          Hex            0%         N/A       36%         3
 Frozen Ramparts          Ice            0%         1d1       36%         3
 Hailstorm                Conj/Ice       0%         3d3       36%         3
 Ignite Poison            Fire/Tmut/Pois 0%         N/A       36%         3
 Inner Flame              Hex/Fire       0%         N/A       36%         3
 Mephitic Cloud           Conj/Pois/Air  0%         N/A       36%         3
 Ozocubu's Armour         Ice            0%         N/A       36%         3
 Sigil of Binding         Hex            0%         N/A       36%         3
 Stone Arrow              Conj/Erth      0%         3d7       36%         3
 Summon Guardian Golem    Hex/Summ       0%         N/A       36%         3
 Swiftness                Air            0%         N/A       36%         3
 Tukima's Dance           Hex            0%         N/A       36%         3
 Vampiric Draining        Necr           0%         2d6       36%         3
 Summon Forest            Summ/Tloc      3%         N/A       69%         5
 Airstrike                Air            0%         2d(0-16)  75%         4
 Animate Dead             Necr           0%         N/A       75%         4
 Dispel Undead            Necr           0%         3d6       75%         4
 Flame Wave               Conj/Fire      0%         2d4       75%         4
 Fulminant Prism          Conj/Hex       0%         3d5       75%         4
 Leda's Liquefaction      Hex/Erth       0%         N/A       75%         4
 Olgreb's Toxic Radiance  Pois           0%         N/A       75%         4
 Petrify                  Tmut/Erth      0%         N/A       75%         4
 Sticky Flame             Conj/Fire      0%         2d3       75%         4
 Summon Ice Beast         Ice/Summ       0%         N/A       75%         4
 Summon Lightning Spire   Summ/Air       0%         N/A       75%         4
 Freezing Cloud           Conj/Ice/Air   0%         6-21      97%         5
 Irradiate                Conj/Tmut      0%         3d11      97%         5
 Iskenderun's Battlesphe  Conj           0%         2d6       97%         5
 Lee's Rapid Deconstruct  Erth           0%         3d4*      97%         5
 Metabolic Englaciation   Hex/Ice        0%         N/A       97%         5
 Summon Mana Viper        Hex/Summ       0%         N/A       97%         5
 Yara's Violent Unravell  Hex/Tmut       0%         3d3       97%         5
 Death Channel            Necr           0%         N/A       100%        6
 Eringya's Noxious Bog    Tmut/Pois      0%         4d6       100%        6
 Leda's Unmaking          Conj/Erth      0%         9d1       100%        6
 Simulacrum               Ice/Necr       0%         N/A       100%        6
 Enfeeble                 Hex            0%         N/A       100%        7
 Haunt                    Necr/Summ      0%         N/A       100%        7
 Monstrous Menagerie      Summ           0%         N/A       100%        7
 Ozocubu's Refrigeration  Ice            0%         4d7       100%        7
 Spellforged Servitor     Conj/Summ      0%         N/A       100%        7
 Summon Hydra             Summ           0%         N/A       100%        7
 Infestation              Necr           0%         N/A       100%        8
 Death's Door             Necr           0%         N/A       100%        9
 Fire Storm               Conj/Fire      0%         5d1       100%        9
 Polar Vortex             Ice            0%         N/A       100%        9
 Sublimation of Blood     Necr           Unusable   N/A       N/A         2
 Animate Armour           Summ/Erth      Unusable   N/A       N/A         4

Dungeon Overview and Level Annotations

Branches:
Dungeon (15/15)            Temple (0/1) D:4            Lair (5/5) D:8
 Shoals (4/4) Lair:3       Spider (4/4) Lair:2        Slime (0/5) Lair:5
    Orc (2/2) D:10            Elf (3/3) Orc:2        Vaults (5/5) D:13
  Crypt (3/3) Vaults:2       Tomb (0/3) Crypt:3      Depths (4/4) D:15
    Zot (5/5) Depths:4      IceCv (visited)         Gauntlet (visited)

Altars:
Ashenzari
Dithmenos
Elyvilon
Kikubaaqudgha
Makhleb
Nemelex Xobeh
Sif Muna
Trog
Wu Jian
Zin
Jiyva
Lugonu

Shops:
D:2 (   D:8 *   D:15 [   Orc:2 !=(!   Elf:1 *[   Shoals:1 *[(   Shoals:2 *
Vaults:1 (   Vaults:2 !   Vaults:5 =[   Depths:1 :

Portals:
Hell: Depths:1 Depths:2 Depths:3 Depths:4
Abyss: Lair:1 Depths:3
Pandemonium: Depths:2 Depths:4
Ziggurat: Depths:2

Annotations:
Lair:1 exclusion: ice statue
Elf:2 3 runed translucent doors, exclusion: door
Zot:5 1 exclusion


Innate Abilities, Weirdness & Mutations

You are a living statue of rough stone.
Your actions are slow, but your melee attacks are powerful.
You are resistant to unholy torment.
Your maximum health is greatly increased.
You are immune to poison.
You have sharp claws.
You have razor-sharp teeth.
You have supernaturally acute eyesight. (SInv)
((You cover ground quickly. (Speed+)))
((Your thick and shaggy fur keeps you warm. (AC +3, rC+)))
Your paws help you pounce on unaware monsters.
You are incapable of wielding weapons or throwing items.
You cannot wear armour.
You gain extra lives every three experience levels.


Message History

You scratch the hellephant but do no damage.
The hellephant is heavily wounded.
The hellephant completely misses you.
The hellephant bites you but does no damage.
The hellephant completely misses you.
You scratch the hellephant but do no damage.
You claw the hellephant, but do no damage.
Your bite misses the hellephant.
The hellephant is heavily wounded.
The hellephant blinks!
The hellephant breathes flames at you. The blast of flame hits you!!
You resist.
You lunge at the hellephant, in a flurry of attacks.
You barely miss the hellephant.
The hellephant is heavily wounded.
You eviscerate the hellephant!!!!
You kill the hellephant!
The Council accepts your kill.
(D) Dungeon (T) Temple (L) Lair (A) Shoals (N) Spider Nest (M) Slime Pits (O) Orcish Mines (E) Elven Halls (V) Vaults (C) Crypt (W) Tomb (U) Depths (H) Hell (Z) Zot
Where to? (Tab/Enter - D:1 @ (x,y), ? - help)
A rust devil comes into view.
There is a stone staircase leading up here.
You closely miss the rust devil.
You claw the rust devil, but do no damage.
You eviscerate the rust devil!!!!
You kill the rust devil!
The Council accepts your kill.
No target in view!
(D) Dungeon (T) Temple (L) Lair (A) Shoals (N) Spider Nest (M) Slime Pits (O) Orcish Mines (E) Elven Halls (V) Vaults (C) Crypt (W) Tomb (U) Depths (H) Hell (Z) Zot
Where to? (Tab/Enter - D:1 @ (x,y), ? - help)
You climb upwards.
HP restored.
There is a stone staircase leading down here.
An Ice Fiend comes into view.
The Ice Fiend moves out of view.
An orange demon and an Ice Fiend come into view.
The Ice Fiend roars!
There is a stone staircase leading up here.
You climb upwards.
There is a stone staircase leading down here.
(D) Dungeon (T) Temple (L) Lair (A) Shoals (N) Spider Nest (M) Slime Pits (O) Orcish Mines (E) Elven Halls (V) Vaults (C) Crypt (W) Tomb (U) Depths (H) Hell (Z) Zot
Where to? (Tab/Enter - D:1 @ (x,y), ? - help)
An orange demon comes into view.
A Ygogek and a chaos spawn come into view.
You lunge at the orange demon, in a flurry of attacks.
You barely miss the orange demon.
You claw the orange demon, but do no damage.
You barely miss the orange demon. The orange demon closely misses you. x2
Press: ? - help, v - describe, . - travel
Here: Ygogek The floor.
Unknown command.
Blink to where?
Press: ? - help, Dir - move target
As you read the scroll of blinking {@r4}, it crumbles to dust.
There is a stone staircase leading up here.
Ygogek gestures.
You climb upwards.
There is a stone staircase leading down here.
(D) Dungeon (T) Temple (L) Lair (A) Shoals (N) Spider Nest (M) Slime Pits (O) Orcish Mines (E) Elven Halls (V) Vaults (C) Crypt (W) Tomb (U) Depths (H) Hell (Z) Zot
Where to? (Tab/Enter - D:1 @ (x,y), ? - help)
What level of the Dungeon? (default 1, ? - help)
A demonspawn warmonger, a reaper and a demonspawn black sun come into view.
The demonspawn warmonger is wielding a +3 battleaxe of flaming and wearing a +3 plate armour of poison resistance.
The reaper is wielding a +2 vampiric scythe.
Really quaff
h - 12 potions of haste {@q4 !q}?
You feel yourself speed up.
The demonspawn black sun shouts!
A demonspawn warmonger opens the door.
The reaper attacks as it pursues you! The reaper misses you.
The reaper attacks as it pursues you! The reaper misses you.
The demonspawn warmonger calls upon its god to speed up the demonspawn black sun.
The demonspawn black sun seems to speed up.
The demonspawn black sun prays to Kikubaaqudgha.
The demonspawn warmonger begins absorbing vital energies!
The demonspawn black sun begins absorbing vital energies!
Your extra speed is starting to run out.
Aiming: Dig
Press: ? - help, Shift-Dir - straight line This square is covered in magical glow.
The rock shatters into small pieces.
The demonspawn black sun completely misses you. x2
Blink to where?
Press: ? - help, Dir - move target
As you read the scroll of blinking {@r4}, it crumbles to dust.
Blink to where?
Press: ? - help, Dir - move target
As you read the scroll of blinking {@r4}, it crumbles to dust.
You feel yourself slow down.
You have escaped!

.......####.#### #......# #.#
.......# #.# #......# #.#
.......# #'# ##......# #.#
.......# ##.## #.......# #.#
.......# #...# ####...##### #.#
##########(.(###.##...# #.#
.....†..#..(.(#...#...# #.#
.######.#.(.((#...#...# #.#
66.§.....((8(.'.8.#...# #.#
.###.##.#(..((#...#...# #.#
...#.##.#.(((.#...#...# #.#
.....##†##(..###.##...# ##.#
..[#..#.##..(# ##############..##
####..#.###.## ####............
........# #'######..............#
#######.# #.....................#
........####....................#


There were no monsters in sight!

Vanquished Creatures
  2 ancient liches
  3 dread liches
  2 juggernauts (Depths:2)
  Josephina (Zot:1)
  Bai Suzhen (Depths:1)
  Saint Roka (Crypt:1)
  A pandemonium lord (D:7)
  3 curse toes
  2 caustic shrikes
  Xtahua (Vaults:5)
  11 golden dragons
  the Enchantress (Depths:3)
  2 bone dragons
  A Brimstone Fiend (D:15)
  A hellephant (D:4)
  9 tentacled monstrosities
  A Hell Sentinel (D:11)
  A walking crystal tome (Depths:3)
  3 walking frostbound tomes
  Jorgrun (Spider:1)
  5 liches
  12 Orb Guardians
  A walking earthen tome (Depths:2)
  7 titans
  A deep elf master archer (Elf:3)
  3 deep elf blademasters (Elf:3)
  Asterion (Elf:1)
  3 quicksilver dragons
  An Executioner (Zot:1)
  7 sphinxes
  2 krakens (Shoals:2)
  Polyphemus (Shoals:4)
  2 ancient champions
  2 death cobs (Zot:2)
  9 tengu reavers
  Donald (Shoals:2)
  7 storm dragons
  Aizul (Elf:3)
  10 shadow dragons
  Roxanne (D:14)
  A draconian monk (Zot:2)
  3 draconian knights
  12 frost giants
  Ilsuiw (Shoals:2)
  A rockslime (IceCv)
  15 fire giants
  An azure jelly (shapeshifter) (Elf:3)
  3 azure jellies (IceCv)
  A draconian scorcher (Zot:2)
  2 balrugs
  6 emperor scorpions
  6 deep elf elementalists (Elf:3)
  9 deep elf sorcerers
  4 iron dragons
  24 vault wardens
  The ghost of Igoypiom the Carver, an adept TeBr of Uskayaw (Spider:1)
  5 ghouls
  Louise (Shoals:4)
  4 spriggan defenders
  3 draconian stormcallers
  4 draconian shifters
  19 ironbound preservers
  3 quicksilver oozes (IceCv)
  4 orc warlords
  10 ironbound thunderhulks
  7 draconian annihilators
  7 ghost moths
  4 broodmothers (Spider:1)
  21 very ugly things
  14 stone giants
  A demonspawn blood saint (D:8)
  6 war gargoyles
  7 green draconians
  9 vampire knights
  4 deep elf demonologists
  5 purple draconians
  7 red draconians
  10 dire elephants
  4 yellow draconians
  7 deep elf annihilators
  8 black draconians
  10 white draconians
  15 spark wasps
  3 minotaurs
  4 eidola
  Snorg (D:13)
  8 deep elf death magi
  18 ettins
  5 fire dragons
  7 merfolk impalers
  4 merfolk javelineers
  A quicksilver dragon zombie (Depths:2)
  2 spriggan zombies (Crypt:3)
  11 jiangshi
  5 great orbs of eyes
  3 crystal guardians (Crypt:3)
  39 vault guards
  7 deep elf high priests
  13 ice dragons
  7 yaktaur captains
  3 entropy weavers
  10 hydras
  A rakshasa (Depths:3)
  A hell beast (D:6)
  A jorogumo (Spider:3)
  3 ogre magi
  3 peacekeepers
  4 spriggan air magi
  3 catoblepae
  4 boulder beetles
  3 merfolk aquamancers
  An alligator snapping turtle (Shoals:4)
  3 radroaches
  A spriggan skeleton (Crypt:3)
  5 centaur warriors
  A ghost crab (Spider:1)
  12 satyrs
  4 merfolk avatars
  3 death knights
  15 dancing weapons
  An alligator (Lair:4)
  4 ironbound frosthearts
  11 two-headed ogres
  6 tengu warriors (Depths:2)
  3 death yaks
  8 deep troll earth magi
  3 deep troll shamans
  2 titan zombies (Crypt:3)
  4 orc high priests (Orc:2)
  9 vampire magi
  3 hell hogs (Zot:3)
  7 demonic crawlers
  A sun demon (D:7)
  Urug (D:13)
  A soul eater (D:7)
  8 deep elf knights
  6 skysharks
  8 spriggan berserkers
  8 hell knights
  14 skeletal warriors
  2 iron trolls
  A skyshark (shapeshifter) (Vaults:5)
  28 deep trolls
  A quicksilver dragon simulacrum (Zot:1)
  7 flayed ghosts
  9 orb spiders
  3 glowing orange brains
  A shadow demon (D:7)
  A lindwurm (shapeshifter) (Vaults:5)
  10 sea snakes
  8 wizards
  A bunyip skeleton (Crypt:2)
  An orange crystal statue (IceCv)
  7 lindwurms
  A steelbarb worm (shapeshifter) (Vaults:5)
  2 steelbarb worms
  A swamp dragon (Lair:4)
  12 phantasmal warriors
  2 bog bodies
  16 ironbound convokers
  23 harpies
  16 deep elf zephyrmancers
  16 deep elf archers
  A jorogumo zombie (Crypt:1)
  10 necromancers
  An anaconda skeleton (Crypt:3)
  24 deep elf pyromancers
  14 orc knights
  An oklob plant (Shoals:1)
  4 cyclopes
  7 orc sorcerers
  15 moths of wrath
  14 wolf spiders
  A cyclops (shapeshifter) (Depths:2)
  13 manticores
  The ghost of Beaer the Gouger, a novice FeSh (D:8)
  A stone giant zombie (Crypt:3)
  2 salamanders
  26 fauns
  26 ugly things
  An iron dragon skeleton (Vaults:2)
  2 rust devils
  2 black mambas
  12 merfolk sirens
  3 elephants (Lair:5)
  6 water nymphs
  A smoke demon (D:7)
  17 vault sentinels
  3 torpor snails
  4 gargoyles
  2 unseen horrors
  An eye of devastation (shapeshifter) (Depths:2)
  7 komodo dragons
  A yaktaur (shapeshifter) (D:14)
  2 human zombies
  11 cane toads
  An efreet (D:15)
  5 freezing wraiths
  A yaktaur skeleton (Vaults:2)
  38 yaktaurs
  2 rime drakes
  An elephant slug zombie (Crypt:1)
  3 ice devils (Lair:1)
  5 tengu conjurers
  A red devil (Depths:2)
  4 wind drakes
  29 merfolk
  16 hornets
  13 polar bears
  9 meliai
  A queen bee (D:12)
  A harpy zombie (Crypt:3)
  20 tarantellas
  5 tyrant leeches
  6 trolls
  A raiju (Spider:3)
  3 blink frogs (Lair:5)
  8 dream sheep
  2 harpy skeletons (Crypt:3)
  6 snapping turtles
  2 frost giant simulacra (Depths:2)
  3 air elementals
  25 flying skulls (Crypt:3)
  A slime creature (shapeshifter) (Vaults:3)
  22 spriggans
  Sigmund (D:3)
  22 jumping spiders
  42 slime creatures
  3 vampires
  A dire elephant simulacrum (Lair:1)
  2 wyverns (Lair:5)
  17 water elementals
  A ynoxinul (Gauntlet)
  18 culicivoras
  12 wraiths
  2 shadows
  39 yaks
  A wyvern (shapeshifter) (D:15)
  4 fire elementals
  A human (D:13)
  A basilisk (Lair:3)
  A chaos spawn (Depths:2)
  A hog (shapeshifter) (D:14)
  45 redbacks
  26 vampire mosquitoes
  2 steam dragons
  A human simulacrum (Vaults:2)
  11 wargs
  A water nymph zombie (Crypt:1)
  5 swamp worms (Lair:4)
  5 acid dragons
  14 water moccasins
  A glowing shapeshifter skeleton (Depths:2)
  A floating eye (Depths:2)
  Duvessa (D:4)
  3 moth of wrath simulacra (Zot:1)
  A faun skeleton (Crypt:1)
  A floating eye (shapeshifter) (Depths:4)
  A black bear (shapeshifter) (Vaults:5)
  3 sky beasts (D:7)
  2 swamp drakes (Lair:4)
  46 orc warriors
  An ice beast (D:8)
  7 black bears
  4 great orb of eyes simulacra (IceCv)
  16 centaurs
  3 phantoms
  15 ogres
  5 boggarts (Lair:5)
  29 wolves
  A torpor snail zombie (Crypt:2)
  6 slime creature simulacra (IceCv)
  2 kobold brigands (D:9)
  A komodo dragon zombie (Crypt:1)
  8 bullfrogs
  7 necrophages
  A gnoll sergeant (D:9)
  A draconian skeleton (Crypt:2)
  6 glowing shapeshifter simulacra (IceCv)
  A cyclops zombie (Crypt:1)
  3 earth elementals
  2 scorpions
  16 wights
  A hornet simulacrum (D:14)
  A troll zombie (D:10)
  Dowan (D:4)
  33 killer bees
  3 howler monkeys
  5 electric eels
  A wolf skeleton (Crypt:2)
  34 orc priests
  2 hounds
  Crazy Yiuf (D:3)
  3 gnoll boudas
  6 jellies
  3 iron imps (Gauntlet)
  2 sleepcaps
  Ijyb (D:4)
  Jessica (D:3)
  8 iguanas
  27 orc wizards
  2 troll simulacra (Lair:1)
  12 hell rats
  A polar bear simulacrum (Lair:1)
  A killer bee zombie (Crypt:1)
  A sky beast zombie (Crypt:2)
  2 naga skeletons
  5 ogre zombies (D:10)
  A tengu skeleton (Crypt:2)
  A boggart simulacrum (D:14)
  A mummy (D:7)
  23 gnolls
  7 adders
  4 white imps
  An ufetubus (D:5)
  A worm (D:2)
  4 dart slugs
  110 orcs
  8 ball pythons
  12 endoplasms
  5 giant cockroaches
  3 goblins
  7 hobgoblins
  2 jackals (D:1)
  15 kobolds
  3 quokkas
  7 bats
  An endoplasm zombie (Crypt:2)
  2 goblin skeletons (D:10)
  4 goblin zombies (D:10)
  7 hobgoblin zombies
  A kobold skeleton (Crypt:2)
  2 orc skeletons (D:10)
  8 orc zombies
  3 rats
  9 tentacles (Shoals:2)
2263 creatures vanquished.

Vanquished Creatures (collateral kills)
  A snapping turtle (Shoals:4)
1 creature vanquished.

Vanquished Creatures (others)
  A shadow dragon (Depths:2)
  2 ice dragons (Depths:2)
  A dancing weapon (Elf:2)
  A wizard (Vaults:4)
  2 deep elf zephyrmancers (Elf:1)
  A harpy (Shoals:4)
  A yaktaur (Vaults:5)
  An orc warrior (D:13)
  An orc wizard (D:2)
  A hobgoblin (D:4)
  A lurking horror (Lair:1)
  22 tentacles (Shoals:2)
35 creatures vanquished.

Grand Total: 2299 creatures vanquished

Notes
Turn   | Place    | Note
-------+----------+-------------------------------------------
     0 | D:1      | EnegeticOcto the Felid Shapeshifter began the quest for the
                  | Orb.
     0 | D:1      | Reached XP level 1. HP: 9/9 MP: 2/2
    84 | D:1      | Reached skill level 1 in Stealth
   193 | D:1      | Found a faded altar of an unknown god.
   205 | D:1      | Prayed at the altar of an unknown god.
   205 | D:1      | Became a worshipper of the Wu Jian Council
   205 | D:1      | Reached * piety under Wu Jian
   211 | D:1      | Reached skill level 2 in Stealth
   279 | D:1      | Reached XP level 2. HP: 12/12 MP: 3/3
   535 | D:1      | Reached skill level 3 in Stealth
   610 | D:1      | Reached skill level 3 in Dodging
   852 | D:1      | Reached XP level 3. HP: 11/15 MP: 4/4
  1050 | D:2      | Found Vixzotyl's Weapon Shoppe.
  1065 | D:2      | Reached skill level 4 in Dodging
  1323 | D:2      | Reached ** piety under Wu Jian
  1617 | D:2      | Reached XP level 4. HP: 18/19 MP: 5/5
  1631 | D:2      | Reached skill level 2 in Fighting
  1893 | D:3      | Noticed Sigmund
  2062 | D:3      | Noticed Jessica
  2069 | D:3      | Killed Jessica
  2070 | D:3      | Reached XP level 5. HP: 23/23 MP: 6/6
  2095 | D:3      | Reached skill level 4 in Unarmed Combat
  2139 | D:3      | Found a runed translucent door.
  2140 | D:3      | Noticed Crazy Yiuf
  2255 | D:3      | Reached skill level 3 in Fighting
  2493 | D:4      | Noticed Ijyb
  2604 | D:4      | Noticed a steam dragon
  2627 | D:4      | Reached skill level 5 in Unarmed Combat
  2632 | D:4      | Killed a steam dragon
  2633 | D:4      | Reached skill level 4 in Shapeshifting
  2633 | D:4      | Gained mutation: You are covered in thick fur. (AC +2)
                  | [Felid growth]
  2633 | D:4      | Reached XP level 6. HP: 25/28 MP: 7/7
  2811 | D:4      | Found a glowing silver altar of Zin.
  2811 | D:4      | Found a burning altar of Makhleb.
  2812 | D:4      | Noticed a balrug
  2812 | D:4      | Noticed an angel
  2853 | D:4      | Found a staircase to the Ecumenical Temple.
  2971 | D:4      | Reached skill level 5 in Shapeshifting
  3059 | D:4      | Killed Ijyb
  3060 | D:4      | Reached XP level 7. HP: 21/31 MP: 8/8
  3173 | D:4      | Noticed Duvessa
  3189 | D:4      | Noticed Dowan
  3311 | D:5      | Entered Level 5 of the Dungeon
  3345 | D:5      | Reached skill level 5 in Dodging
  3715 | D:5      | Reached skill level 6 in Unarmed Combat
  3752 | D:5      | Reached *** piety under Wu Jian
  3753 | D:5      | Reached skill level 6 in Dodging
  4177 | D:3      | Killed Sigmund
  4178 | D:3      | Reached skill level 7 in Unarmed Combat
  4178 | D:3      | Reached skill level 4 in Stealth
  4178 | D:3      | Reached XP level 8. HP: 34/34 MP: 9/9
  4374 | D:2      | Identified the +5 ring mail "Vesakk" {Harm rC- Str+3}
  4514 | D:6      | Reached skill level 4 in Fighting
  4514 | D:6      | Reached skill level 5 in Stealth
  4515 | D:6      | Reached skill level 1 in Evocations
  4517 | D:6      | Reached skill level 2 in Evocations
  5905 | D:7      | Identified the amulet of Law {Drain +Blink rPois Regen+
                  | Str+3}
  6192 | D:7      | Reached skill level 7 in Dodging
  6319 | D:7      | Reached XP level 9. HP: 40/40 MP: 10/10
  6321 | D:7      | Identified the +3 mace "Qashegoe" {protect, rF+ rN+ Dex+3}
  6557 | D:7      | Reached skill level 5 in Fighting
  6717 | D:8      | Reached skill level 3 in Evocations
  6827 | D:8      | Reached skill level 6 in Shapeshifting
  6843 | D:8      | Found Socoogg's Serpentskin Sales.
  6951 | D:8      | Reached skill level 8 in Unarmed Combat
  7024 | D:8      | Reached skill level 8 in Dodging
  7032 | D:8      | Reached **** piety under Wu Jian
  7038 | D:8      | Found a staircase to the Lair.
  7348 | D:8      | Found a runed translucent door.
  7363 | D:8      | Reached skill level 4 in Evocations
  7366 | D:8      | Noticed Beaer's ghost (novice FeSh)
  7988 | D:9      | Reached skill level 6 in Fighting
  8091 | D:9      | Found a shimmering blue altar of Sif Muna.
  8212 | D:9      | Reached XP level 10. HP: 41/45 MP: 11/11
  8358 | D:9      | Reached skill level 5 in Evocations
  8358 | D:9      | Reached skill level 7 in Shapeshifting
  8563 | D:10     | Entered Level 10 of the Dungeon
  8606 | D:10     | Reached skill level 9 in Dodging
  8945 | D:10     | Noticed a gargoyle
  9048 | D:10     | Found a broken altar of Ashenzari.
  9051 | D:10     | Found a shadowy altar of Dithmenos.
  9054 | D:10     | Found a bloodstained altar of Trog.
  9057 | D:10     | Found a white marble altar of Elyvilon.
  9121 | D:10     | Found a staircase to the Orcish Mines.
 10038 | Lair:1   | Entered Level 1 of the Lair of Beasts
 10040 | Lair:1   | Reached skill level 9 in Unarmed Combat
 10066 | Lair:1   | Noticed a cane toad
 10091 | Lair:1   | Killed a cane toad
 10092 | Lair:1   | Reached skill level 7 in Fighting
 10092 | Lair:1   | Reached skill level 6 in Evocations
 10217 | Lair:1   | Noticed a catoblepas
 10227 | Lair:1   | Killed a catoblepas
 10228 | Lair:1   | Reached skill level 10 in Dodging
 10228 | Lair:1   | Reached skill level 8 in Shapeshifting
 10317 | Lair:1   | Reached XP level 11. HP: 45/50 MP: 12/12
 10323 | Lair:1   | Reached ***** piety under Wu Jian
 10337 | Lair:1   | Reached skill level 10 in Unarmed Combat
 10350 | Lair:1   | Reached skill level 9 in Shapeshifting
 10417 | Lair:1   | Found a gate leading to a gauntlet.
 10432 | Gauntlet | Entered a Gauntlet
 10432 | Gauntlet | Found a transporter.
 10448 | Gauntlet | Found a transporter.
 10450 | Gauntlet | Found a transporter.
 10461 | Gauntlet | Found a transporter.
 10464 | Gauntlet | Found a transporter.
 10469 | Gauntlet | Found a runed translucent door.
 10469 | Gauntlet | Found a runed translucent door.
 10474 | Gauntlet | Found a transporter.
 10488 | Gauntlet | Noticed an entropy weaver
 10489 | Gauntlet | Found a runed translucent door.
 10490 | Gauntlet | Found a transporter.
 10491 | Gauntlet | Found a runed translucent door.
 10501 | Gauntlet | Found a transporter.
 10502 | Gauntlet | Noticed a fire crab
 10512 | Gauntlet | Found a transporter.
 10527 | Gauntlet | Found a transporter.
 10540 | Gauntlet | Noticed a wizard
 10542 | Gauntlet | Found a transporter.
 10542 | Gauntlet | Found a transporter.
 10602 | Gauntlet | Found a transporter.
 10602 | Gauntlet | Found a transporter.
 10743 | Gauntlet | Reached skill level 10 in Shapeshifting
 10802 | Gauntlet | Killed an entropy weaver
 10808 | Gauntlet | Identified the ring "Xuoh" {+Blink rPois rN+}
 10841 | Gauntlet | Noticed a minotaur
 10846 | Gauntlet | Killed a minotaur
 10851 | Gauntlet | Identified the staff of the Shifting Whale {rF+ rC- Int+8
                  | Fire}
 10915 | Lair:1   | Reached skill level 11 in Dodging
 11011 | Lair:1   | You fall into a shaft and drop 1 floor!
 11057 | Lair:1   | Found a one-way gate to the infinite horrors of the Abyss.
 11060 | Lair:1   | Found a corrupted altar of Lugonu.
 11393 | Lair:1   | HP: 2/50 [dire elephant simulacrum (31)]
 11599 | Lair:1   | Noticed an ice dragon
 11672 | Lair:2   | Reached skill level 11 in Shapeshifting
 11804 | Lair:2   | Reached skill level 12 in Dodging
 12179 | Lair:2   | Found a hole to the Spider Nest.
 12361 | Lair:2   | Gained mutation: Your thick and shaggy fur keeps you warm.
                  | (AC +3, rC+) [Felid growth]
 12361 | Lair:2   | Reached XP level 12. HP: 53/54 MP: 13/13
 12732 | Lair:3   | Reached skill level 13 in Dodging
 12732 | Lair:3   | Found a staircase to the Shoals.
 12797 | Lair:3   | Reached skill level 12 in Shapeshifting
 13032 | Lair:3   | Noticed a five-headed hydra
 13492 | Lair:4   | Noticed a six-headed hydra
 13495 | Lair:4   | Killed a six-headed hydra
 13528 | Lair:4   | Reached skill level 13 in Shapeshifting
 13594 | Lair:4   | Noticed a six-headed hydra
 13706 | Lair:4   | Identified the +9 plate armour of Music {*Corrode rC++
                  | Str+3 Dex+4}
 14459 | Lair:5   | Entered Level 5 of the Lair of Beasts
 14459 | Lair:5   | Found a staircase to the Slime Pits.
 14460 | Lair:5   | Found a viscous altar of Jiyva.
 14670 | Lair:5   | Reached skill level 14 in Shapeshifting
 14699 | Lair:5   | Reached skill level 8 in Fighting
 14806 | Lair:5   | Noticed a four-headed hydra
 14810 | Lair:5   | Reached XP level 13. HP: 58/58 MP: 14/14
 15150 | Lair:5   | Reached skill level 15 in Shapeshifting
 15336 | Lair:5   | Got Poinaos's Witchcraft of the Prophet
 15830 | Lair:4   | Reached skill level 16 in Shapeshifting
 15931 | Lair:4   | Reached ****** piety under Wu Jian
 15932 | Lair:4   | Reached skill level 7 in Evocations
 16931 | Lair:1   | Reached skill level 11 in Unarmed Combat
 16932 | Lair:1   | Reached skill level 9 in Fighting
 17257 | D:8      | Killed Beaer's ghost
 17258 | D:8      | Reached skill level 8 in Evocations
 17469 | D:4      | Killed Duvessa
 17872 | D:4      | Killed Dowan
 17942 | D:3      | Killed Crazy Yiuf
 18190 | Orc:1    | Entered Level 1 of the Orcish Mines
 18555 | Orc:2    | Entered Level 2 of the Orcish Mines
 18574 | Orc:2    | Reached XP level 14. HP: 64/64 MP: 15/15
 19115 | Orc:2    | Reached skill level 9 in Evocations
 19250 | Orc:2    | Noticed an orc warlord
 19325 | Orc:2    | Killed an orc warlord
 19326 | Orc:2    | Reached skill level 10 in Fighting
 19544 | Orc:2    | Found Nafofir's Distillery.
 19547 | Orc:2    | Reached skill level 12 in Unarmed Combat
 19564 | Orc:2    | Bought a potion of attraction for 39 gold pieces
 19564 | Orc:2    | Bought a potion of invisibility for 104 gold pieces
 19576 | Orc:2    | Noticed an orc warlord
 19601 | Orc:2    | Killed an orc warlord
 19721 | Orc:2    | Found Hebbebid's Jewellery Boutique.
 19758 | Orc:2    | Bought a +5 ring of evasion for 396 gold pieces
 20118 | Orc:2    | Reached skill level 11 in Fighting
 20207 | Orc:2    | Found Jataonaw's Antique Weapon Boutique.
 20434 | Orc:2    | Found Ejapull's Distillery.
 20471 | Orc:2    | Bought a potion of heal wounds for 65 gold pieces
 20471 | Orc:2    | Bought a potion of mutation for 104 gold pieces
 20628 | Orc:2    | Found a staircase to the Elven Halls.
 20996 | D:11     | Reached skill level 13 in Unarmed Combat
 21891 | D:12     | Reached skill level 12 in Fighting
 22125 | D:12     | Reached XP level 15. HP: 72/72 MP: 16/16
 22355 | D:13     | Noticed Urug
 22356 | D:13     | Reached skill level 14 in Unarmed Combat
 22364 | D:13     | Killed Urug
 22370 | D:13     | Noticed Snorg
 22409 | D:13     | Killed Snorg
 22882 | D:13     | You are sucked into a shaft and drop 1 floor!
 23030 | D:14     | Reached skill level 15 in Unarmed Combat
 23264 | D:14     | Noticed Roxanne
 23278 | D:14     | Killed Roxanne
 23573 | D:15     | Entered Level 15 of the Dungeon
 23589 | D:15     | Found Gatsom's Antique Armour Shoppe.
 23792 | D:15     | Found a staircase to the Depths.
 23805 | D:15     | Reached skill level 17 in Shapeshifting
 24307 | Shoals:1 | Entered Level 1 of the Shoals
 24730 | Shoals:1 | Found Helaywy's Visitors' Centre.
 24734 | Shoals:1 | Found Helaywy's Merfolk Armours.
 24958 | Shoals:1 | Found the +2 cloak of the Thief {*Fog Slay-2 SInv Stlth+}
 25231 | Shoals:1 | Found a sparkling altar of Nemelex Xobeh.
 25252 | Shoals:1 | Reached skill level 18 in Shapeshifting
 25350 | Shoals:1 | Learned a level 1 spell: Apportation
 25433 | Shoals:2 | Reached XP level 16. HP: 50/76 MP: 17/17
 25444 | Shoals:2 | HP: 4/114 [harpy (10)]
 25444 | Shoals:2 | Slain by a harpy
 25586 | Shoals:2 | Found Xoativil's Assorted Antiques.
 25590 | Shoals:2 | Noticed Ilsuiw
 25597 | Shoals:2 | Noticed a kraken
 25599 | Shoals:2 | Killed Ilsuiw
 25672 | Shoals:2 | Bought a scroll labelled GUGHOLYRGHO for 42 gold pieces
 25672 | Shoals:2 | Bought a scroll labelled MITYNG JUMEAHE for 42 gold pieces
 25672 | Shoals:2 | Bought a scroll of identify for 84 gold pieces
 25827 | Shoals:2 | Killed a kraken
 25828 | Shoals:2 | Reached skill level 10 in Evocations
 25940 | Shoals:2 | Noticed a kraken
 25964 | Shoals:2 | Reached skill level 14 in Dodging
 26250 | Shoals:2 | Noticed Donald
 26256 | Shoals:2 | Killed Donald
 26536 | Shoals:2 | Killed a kraken
 27234 | Shoals:3 | Reached skill level 13 in Fighting
 28101 | Spider:1 | Entered Level 1 of the Spider Nest
 28200 | Spider:1 | Reached skill level 11 in Evocations
 28375 | Spider:1 | Reached skill level 15 in Dodging
 28621 | Spider:1 | Identified a scroll of acquirement
 28621 | Spider:1 | Acquired a manual of Evocations
 28786 | Spider:1 | Noticed Jorgrun
 28789 | Spider:1 | Killed Jorgrun
 28796 | Spider:1 | Found a runed translucent door.
 28803 | Spider:1 | Noticed Igoypiom's ghost (adept TeBr)
 28818 | Spider:1 | Killed Igoypiom's ghost
 28819 | Spider:1 | Reached skill level 19 in Shapeshifting
 28819 | Spider:1 | Reached XP level 17. HP: 82/82 MP: 18/18
 29177 | Spider:2 | Reached skill level 12 in Evocations
 29896 | Spider:3 | Found a frozen archway.
 29904 | IceCv    | Entered an ice cave
 30034 | IceCv    | Got the Opusculum on the Wendigo
 30131 | IceCv    | Learned a level 2 spell: Passwall
 30601 | IceCv    | Reached skill level 14 in Fighting
 30619 | IceCv    | Found a viscous altar of Jiyva.
 30645 | IceCv    | Reached skill level 13 in Evocations
 30649 | IceCv    | Reached skill level 16 in Dodging
 30661 | IceCv    | Identified the ring of the Ant {Str+3 Dex+3 Slay+4}
 30664 | IceCv    | Got the ring "Luakus" {Ice Int+2}
 31286 | Spider:3 | Identified the +0 robe "Vumyshom" {Harm rF- Int+6}
 31420 | Spider:3 | Identified the +3 mace "Qaxient" {protect, rF+ Int+4 Dex+3}
 31466 | Spider:4 | Entered Level 4 of the Spider Nest
 31628 | Spider:4 | Reached skill level 14 in Evocations
 31986 | Spider:4 | Found the +3 pair of gauntlets of War {Slay+5}
 32047 | Spider:4 | Upgraded the game from 0.31-a0-764-g8440623082 to
                  | 0.31-a0-765-g67fe2935dc
 32263 | Spider:4 | Reached skill level 17 in Dodging
 32538 | Spider:4 | Reached skill level 15 in Evocations
 32753 | Spider:4 | Got a gossamer rune of Zot
 32849 | Spider:4 | Reached XP level 18. HP: 87/87 MP: 19/19
 33594 | Shoals:4 | Entered Level 4 of the Shoals
 33594 | Shoals:4 | Noticed Polyphemus
 33594 | Shoals:4 | Noticed Louise
 33607 | Shoals:4 | Reached skill level 20 in Shapeshifting
 33610 | Shoals:4 | Killed Polyphemus
 33668 | Shoals:4 | Reached skill level 16 in Evocations
 33672 | Shoals:4 | Reached skill level 18 in Dodging
 33673 | Shoals:4 | Reached skill level 17 in Evocations
 33674 | Shoals:4 | Killed Louise
 33726 | Shoals:4 | Reached skill level 6 in Stealth
 33939 | Shoals:4 | Found the +6 arbalest "Damnation" {damnation}
 33948 | Shoals:4 | Identified the ring "Xitidipp" {rN+ Dex+4}
 33952 | Shoals:4 | Identified the +3 quarterstaff of Precise Incision {heavy,
                  | MP-9 Str+5}
 33974 | Shoals:4 | Got Cigotuvi's Tome of Inconstant Spectres
 33977 | Shoals:4 | Got a barnacled rune of Zot
 34825 | Elf:1    | Entered Level 1 of the Elven Halls
 34839 | Elf:1    | Noticed a Brimstone Fiend
 34841 | Elf:1    | Noticed a Brimstone Fiend
 34841 | Elf:1    | Noticed Asterion
 34850 | Elf:1    | Reached skill level 7 in Stealth
 34855 | Elf:1    | Killed Asterion
 35151 | Elf:1    | Found Yguzxine's Armour Emporium.
 35168 | Elf:1    | Found Heoh's Assorted Antiques.
 35464 | Elf:2    | Reached skill level 8 in Stealth
 35603 | Elf:2    | Paralysed by an air elemental for 1 turns
 35612 | Elf:2    | Identified the +3 great sword of the Briny Deep {heavy,
                  | Will+}
 35621 | Elf:2    | Reached XP level 19. HP: 91/91 MP: 20/20
 35704 | Elf:2    | Found a runed translucent gate.
 35704 | Elf:2    | Found a runed translucent gate.
 35707 | Elf:2    | Found a runed translucent gate.
 35974 | Elf:3    | Entered Level 3 of the Elven Halls
 36118 | Elf:3    | Reached skill level 19 in Dodging
 36815 | Elf:3    | Reached skill level 15 in Fighting
 36982 | Elf:3    | Identified the ring "Lyt Xaus" {rCorr EV+5}
 37093 | Elf:3    | Identified the +6 short sword of Woiqang {spect, rPois
                  | Dex+3 Stlth+}
 37231 | Elf:3    | Identified the +6 ring mail of the Lair of Beasts {Will+
                  | SInv}
 37231 | Elf:3    | Identified the ring of Buqep {rElec rPois rF+ Int-3 Dex+3}
 37236 | Elf:3    | Reached skill level 16 in Unarmed Combat
 37498 | Elf:3    | Noticed Aizul
 37510 | Elf:3    | Killed Aizul
 37757 | Elf:3    | Identified the +6 morningstar "Ysymn" {flame, Dex+5}
 37759 | Elf:3    | Identified the +8 shortbow of Untimely Demise {freeze,
                  | Int+3 Stlth+}
 38664 | D:13     | Found a gate to the Vaults.
 38845 | Vaults:1 | Entered Level 1 of the Vaults
 39058 | Vaults:1 | Reached skill level 21 in Shapeshifting
 39135 | Vaults:1 | Found Ciczaf Qieng's Weapon Shoppe.
 39616 | Vaults:1 | Reached skill level 20 in Dodging
 40022 | Vaults:2 | You fall into a shaft and drop 2 floors!
 40200 | Vaults:2 | Reached XP level 20. HP: 98/98 MP: 21/21
 40264 | Vaults:2 | Found a staircase to the Crypt.
 40327 | Vaults:2 | Found Neeciet's Distillery.
 40337 | Vaults:2 | Bought a potion of curing for 57 gold pieces
 40337 | Vaults:2 | Bought a potion of haste for 190 gold pieces
 40337 | Vaults:2 | Bought a potion of curing for 57 gold pieces
 40337 | Vaults:2 | Bought a potion of enlightenment for 95 gold pieces
 40337 | Vaults:2 | Bought a potion of haste for 190 gold pieces
 40473 | Vaults:2 | Found a gateway to a bazaar.
 40484 | Bazaar   | Entered a bazaar
 40486 | Bazaar   | Found Aweangok's Distillery.
 40490 | Bazaar   | Found Qosat's Book Boutique.
 40490 | Bazaar   | Found Acirhoti's General Store.
 40491 | Bazaar   | Found Duciysubb's Antique Armour Boutique.
 40506 | Bazaar   | Bought a wand of paralysis (6) for 172 gold pieces
 40506 | Bazaar   | Bought a wand of paralysis (6) for 172 gold pieces
 40506 | Bazaar   | Bought a potion of cancellation for 96 gold pieces
 40511 | Bazaar   | Bought 2 potions of mutation for 320 gold pieces
 40511 | Bazaar   | Bought a potion of might for 80 gold pieces
 40511 | Bazaar   | Bought a potion of might for 80 gold pieces
 40511 | Bazaar   | Bought a potion of cancellation for 160 gold pieces
 40532 | Bazaar   | Bought a potion of ambrosia for 160 gold pieces
 40532 | Bazaar   | Bought a potion of curing for 60 gold pieces
 40532 | Bazaar   | Bought a potion of curing for 60 gold pieces
 40532 | Bazaar   | Bought a potion of curing for 60 gold pieces
 40803 | Vaults:2 | Reached skill level 16 in Fighting
 41117 | Vaults:3 | Reached skill level 17 in Unarmed Combat
 41588 | Vaults:3 | Reached skill level 21 in Dodging
 42885 | Vaults:4 | Reached skill level 17 in Fighting
 43039 | Vaults:4 | Reached skill level 22 in Shapeshifting
 43055 | Vaults:4 | Acquired a manual of Evocations
 43234 | Vaults:4 | Reached XP level 21. HP: 104/104 MP: 22/22
 43567 | Depths:1 | Entered Level 1 of the Depths
 43580 | Depths:1 | Noticed Bai Suzhen
 43582 | Depths:1 | Killed Bai Suzhen
 44076 | Depths:1 | Found Oxoiw's Tiny Tomes.
 44152 | Depths:1 | Found a gateway to Hell.
 44168 | Depths:1 | Reached skill level 18 in Unarmed Combat
 44507 | Depths:2 | Found an ancient bone altar of Kikubaaqudgha.
 44553 | Depths:2 | Found a one-way gate leading to the halls of Pandemonium.
 44560 | Depths:2 | Reached skill level 22 in Dodging
 44645 | Depths:2 | Noticed a golden dragon
 44664 | Depths:2 | Killed a golden dragon
 44688 | Depths:2 | HP: 2/202 [ettin/+0 dire flail (25)]
 44690 | Depths:2 | Slain by a tengu reaver
 44847 | Depths:2 | Reached skill level 18 in Evocations
 44867 | Depths:2 | HP: 5/136 [spark wasp (5)]
 44983 | Depths:2 | Noticed a golden dragon
 44983 | Depths:2 | Noticed a caustic shrike
 44994 | Depths:2 | Killed a caustic shrike
 44998 | Depths:2 | Killed a golden dragon
 45180 | Depths:2 | Found a one-way gateway to a ziggurat.
 45351 | Depths:2 | Reached skill level 19 in Evocations
 45364 | Depths:2 | Reached skill level 18 in Fighting
 45512 | Depths:2 | Noticed a juggernaut
 45526 | Depths:2 | Killed a juggernaut
 45527 | Depths:2 | Reached skill level 23 in Dodging
 45527 | Depths:2 | Reached XP level 22. HP: 59/110 MP: 23/23
 45737 | Depths:2 | Noticed a juggernaut
 45751 | Depths:2 | Killed a juggernaut
 45762 | Depths:2 | Reached skill level 19 in Unarmed Combat
 45955 | Depths:2 | Identified the ring of Jowotwos {rPois rF+ Str+6 Dex+4
                  | Stlth+}
 46063 | Depths:3 | Reached skill level 20 in Evocations
 46515 | Depths:3 | Noticed a caustic shrike
 46517 | Depths:3 | Identified the amulet "Qicrup" {Reflect Harm rF- rC+ Will+
                  | SH+5}
 46520 | Depths:3 | Killed a caustic shrike
 46530 | Depths:3 | Identified the amulet of Cuinneuck {Fly rN+ Regen+ Str+3}
 46534 | Depths:3 | Identified the ring "Emnupsib" {Wiz rC+ MP+9 Dex+3}
 46607 | Depths:3 | Identified the ring of Elyomoup {rElec Will+}
 46748 | Depths:3 | Noticed the Enchantress
 46752 | Depths:3 | Killed the Enchantress
 47036 | Depths:4 | Entered Level 4 of the Depths
 47089 | Depths:4 | Found a gate to the Realm of Zot.
 47089 | Depths:4 | Noticed a golden dragon
 47091 | Depths:4 | Noticed a golden dragon
 47108 | Depths:4 | Killed a golden dragon
 47116 | Depths:4 | Killed a golden dragon
 47117 | Depths:4 | Reached skill level 19 in Fighting
 47121 | Depths:4 | Reached skill level 24 in Dodging
 47756 | Depths:4 | Identified the +0 chain mail of Remaa {rN+}
 47757 | Depths:4 | Identified the +14 plate armour of Beogh's Approval {-Cast
                  | +Inv Regen+ Str+3}
 48037 | Depths:4 | Reached skill level 20 in Unarmed Combat
 48391 | Crypt:1  | Entered Level 1 of the Crypt
 48518 | Crypt:1  | Noticed Saint Roka
 48533 | Crypt:1  | Killed Saint Roka
 48537 | Crypt:1  | Reached XP level 23. HP: 116/116 MP: 24/24
 49674 | Crypt:3  | Entered Level 3 of the Crypt
 49686 | Crypt:3  | Reached skill level 25 in Dodging
 49807 | Crypt:3  | Reached skill level 20 in Fighting
 50036 | Crypt:3  | Noticed an ancient lich
 50038 | Crypt:3  | Found an ancient bone altar of Kikubaaqudgha.
 50039 | Crypt:3  | Killed an ancient lich
 50105 | Crypt:3  | Got the Folio of Evil
 50106 | Crypt:3  | Identified the +1 broad axe "No More Talking" {freeze, rC+
                  | Str-2 Dex+5}
 50257 | Crypt:3  | Found a staircase to the Tomb.
 50454 | Crypt:3  | Identified the amulet "Farats" {rElec Regen+ Int-3 SInv
                  | Stlth+}
 50454 | Crypt:3  | Identified the ring "Hiajas" {rN+ Will+}
 50546 | Crypt:3  | Learned a level 2 spell: Blink
 50638 | Vaults:5 | Entered Level 5 of the Vaults
 50681 | Vaults:5 | Reached skill level 1 in Translocations
 50695 | Vaults:5 | Reached skill level 2 in Translocations
 50750 | Vaults:5 | Reached skill level 3 in Translocations
 50765 | Vaults:5 | Reached skill level 4 in Translocations
 50839 | Vaults:5 | Reached skill level 21 in Unarmed Combat
 50900 | Vaults:5 | Reached skill level 5 in Translocations
 50929 | Vaults:5 | Noticed Xtahua
 50936 | Vaults:5 | Reached skill level 6 in Translocations
 50942 | Vaults:5 | Killed Xtahua
 50949 | Vaults:5 | Reached skill level 26 in Dodging
 50953 | Vaults:5 | Reached XP level 24. HP: 123/123 MP: 24/24
 51042 | Vaults:5 | Got a silver rune of Zot
 51129 | Vaults:5 | Noticed a dread lich
 51140 | Vaults:5 | Killed a dread lich
 51141 | Vaults:5 | Reached skill level 21 in Fighting
 51304 | Vaults:5 | Noticed a dread lich
 51320 | Vaults:5 | Killed a dread lich
 51359 | Vaults:5 | Found Ewelynai's Jewellery Boutique.
 51377 | Vaults:5 | Found Leis's Antique Armour Shoppe.
 51440 | Vaults:5 | Got the Elucidation of the Sphinx
 51443 | Vaults:5 | Got the Octavo of Nival Immolation
 51876 | Vaults:5 | Identified the +0 pair of gloves of the Evening {Int+2}
 52249 | Zot:1    | Entered Level 1 of the Realm of Zot
 52256 | Zot:1    | Identified the ring of Life {Ice Dex+2}
 52256 | Zot:1    | Noticed Josephina
 52261 | Zot:1    | Reached skill level 22 in Unarmed Combat
 52263 | Zot:1    | Killed Josephina
 52264 | Zot:1    | Reached skill level 27 in Dodging
 52608 | Zot:2    | Reached skill level 22 in Fighting
 52638 | Zot:2    | Noticed an ancient lich
 52639 | Zot:2    | Killed an ancient lich
 52668 | Zot:2    | Reached XP level 25. HP: 130/130 MP: 5/24
 53268 | Zot:5    | Entered Level 5 of the Realm of Zot
 53284 | Zot:5    | Reached skill level 23 in Unarmed Combat
 54130 | Zot:5    | Noticed a dread lich
 54135 | Zot:5    | Killed a dread lich
 54460 | Zot:5    | Noticed a Killer Klown
 54460 | Zot:5    | Noticed a dread lich
 54460 | Zot:5    | Noticed an orb of fire
 54460 | Zot:5    | Noticed a Killer Klown
 54461 | Zot:5    | Noticed a Killer Klown
 54461 | Zot:5    | Noticed an orb of fire
 54461 | Zot:5    | Noticed an orb of fire
 54461 | Zot:5    | Identified the +0 morningstar "Fexom" {venom, rPois rC-
                  | rCorr Int+4 Dex+3}
 54462 | Zot:5    | Noticed a Killer Klown
 54462 | Zot:5    | Noticed an ancient lich
 54466 | Zot:5    | Got the Orb of Zot
 54499 | Zot:4    | Noticed Yczoititz the pandemonium lord
 54499 | Zot:4    | Noticed an ancient lich
 54585 | Zot:1    | Reached skill level 23 in Fighting
 54871 | D:7      | Noticed Aryd the pandemonium lord
 54876 | D:7      | Killed Aryd the pandemonium lord
 54979 | D:2      | Noticed Ygogek the pandemonium lord
 55019 | D:$      | Escaped with the Orb!

Illustrated notes

Levels and vault maps discovered:
D:1:      minmay_arrival_shattered_statue, layout_basic,
          ebering_ecumenical_altar_mist
D:2:      layout_loops_cross, serial_shops, nicolae_shop_bloodbath_and_beyond
D:3:      layout_rooms, minmay_shallow_snake_nest, uniq_sigmund,
          uniq_crazy_yiuf_cottage, uniq_jessica
D:4:      minmay_thick_lines, layout_rooms,
          grunt_temple_overflow_order_and_chaos_2,
          minmay_temple_entry_mini_moons, uniq_ijyb, uniq_duvessa
D:5:      layout_rooms
D:6:      layout_layer_cave
D:7:      layout_gridville, minmay_misc_feat_four_crosses, minmay_mini_ossuary
D:8:      layout_basic, lair_entry_dummy, ebering_ghost_reflecting_pool,
          guppyfry_shop_venom
D:9:      layout_loops_ring, lemuel_blue_sif_altar, minivault_11
D:10:     layout_cave_pools, grunt_temple_overflow_cloverleaf, zombieorc1_lemuel
D:11:     layout_loops_ring, serial_bayou, serial_bayou_shore_a,
          serial_bayou_pond_e, serial_bayou_pond_e, serial_bayou_pond_d
D:12:     minmay_s_stair_smasher, layout_basic, minivault_7
D:13:     layout_cave_pools, grunt_vaults_entry_fortified, uniq_urug, uniq_snorg
D:14:     layout_roguey, minmay_misc_feat_tower, uniq_roxanne
D:15:     hangedman_depths_entry_try_elsewhere_first, layout_basic,
          serial_shops, nicolae_shop_hallway_plus, minmay_misc_feat_five
Lair:1:   dreamdust_isle_of_ice, layout_gridlike, gauntlet_entry_generic,
          amcnicky_altar_lugonu_corruption
Lair:2:   layout_cave_pods, dummy_spider_entry
Lair:3:   beast_lair_carwin_large_2, layout_chaotic_city,
          minmay_shoals_entry_centaurs, disabler_island, lemuel_fruit_fields
Lair:4:   onia_ninara_swampy_vault, layout_cave_pods,
          grunt_forest_large_clearing_hut
Lair:5:   minmay_lair_end_enchanted_forest, layout_long_grid,
          minmay_slime_entry_pillars
Shoals:1: nicolae_shoals_mermall, layout_shoals, lemuel_oklob_altar
Shoals:2: cheibrodos_shoals_baths, layout_shoals, serial_shops, shop,
          nicolae_shoals_lost_giant_temple, uniq_donald, uniq_ilsuiw
Shoals:3: layout_shoals
Shoals:4: shoals_end_hellmonk_lost_city, uniq_polyphemus, uniq_louise
Spider:1: nicolae_spider_brood_tunnel, ebering_ghost_reflecting_pool,
          nicolae_spider_swamp_cousins, uniq_jorgrun
Spider:2: layout_spider_delve
Spider:3: layout_spider_delve, portal_ice_cave_entry_pillars_1,
          beargit_elvish_explorers
Spider:4: spider_rune_water, nicolae_spider_circle_web
Orc:1:    layout_diamond_mine, mines5_lemuel
Orc:2:    pubby_orc_utopia, serial_shops
Elf:1:    layout_geoelf_grid, minmay_elf_demonology, minmay_shoptagon,
          uniq_asterion
Elf:2:    elven_hall_of_blades_hangedman_original
          [nicolae_blade_entry_diamond_columns], layout_geoelf_octagon
Elf:3:    minmay_elf_hall_quartered_circle, layout_gridlike, uniq_aizul
Vaults:1: ontoclasm_vaults_tryst, vaults_room_hallway,
          nicolae_vaults_wine_cellar, ontoclasm_vaults_gateway,
          nicolae_vaults_turnstiles, grunt_vaults_focal,
          nicolae_vaults_asterisk, v_misc_1, hangedman_vaults_impose,
          nicolae_vaults_diamond_2, nicolae_vaults_tangram_1,
          nicolae_vaults_alarming, layout_vaults_big_room, serial_shops, shop
Vaults:2: nicolae_vaults_trapezoid_layered, vaults_dpeg_ring,
          hangedman_vaults_stream, minmay_crypt_entry_simple_box,
          ontoclasm_vaults_ring_large, nicolae_vaults_trapezoid_layered,
          nicolae_vaults_little_squares_1, hangedman_vaults_corner_blocks,
          ontoclasm_vaults_fault, ontoclasm_vaults_decontamination,
          nicolae_vaults_storage_room_glass, nicolae_vaults_tetromino_T_1,
          nicolae_vaults_rhombus_6, layout_vaults_omnicross, serial_shops,
          bzr_entry_water, shop_fountains
Vaults:3: vaults_mumra_minichess, v_misc_13, nicolae_vaults_theta,
          nicolae_vaults_heist, v_misc_30, nicolae_vaults_tetromino_T_2,
          vaults_mumra_hex, nicolae_vaults_c_with_doors,
          nicolae_vaults_storage_room_statues, nicolae_vaults_house_2,
          nicolae_vaults_weapon_check, nicolae_vaults_tetromino_Z_2,
          nicolae_vaults_diamond_2, layout_vaults_omnigrid
Vaults:4: mu_enter_wizlab_6, nicolae_vaults_stepped_doors, v_misc_18, v_misc_31,
          nicolae_vaults_circle_grid_b, vaults_dpeg_cross,
          hangedman_vaults_corner, nicolae_vaults_tetromino_L_1,
          nicolae_vaults_meiosis, v_misc_29, v_misc_25,
          nicolae_vaults_little_squares_6, nicolae_vaults_little_squares_4,
          layout_vaults_omnibox
Vaults:5: uniq_xtahua
Crypt:1:  layout_chaotic_city, uniq_saint_roka
Crypt:2:  layout_misc_corridors
Crypt:3:  cryptofortress_bobbens
Depths:1: layout_gridlike, minmay_misc_feat_room, pf_vacation_house_of_asmodeus,
          nicolae_shop_i_like_small_books_too, kennysheep_dice, uniq_bai_suzhen
Depths:2: minmay_octagon_city, layout_gridville, enter_ziggurat_a, hell_entry,
          rand_demon_pan_entry_5, basic_altar, st_stairs_7
Depths:3: minmay_the_grid_triangle_9x9_recursive_2
          [minmay_the_grid_triangle_9x9_prize_special,
          minmay_the_grid_triangle_9x9_minimal,
          minmay_the_grid_triangle_9x9_descending_squares,
          minmay_the_grid_triangle_9x9_flanged_cone], layout_gridlike,
          nicolae_concentric_dashed_squares_mild, abyss_entry, hell_entry,
          serial_corexii_hall, corexii_hall_statues_i, corexii_hall_statues_x,
          uniq_enchantress
Depths:4: grunt_crosshair, layout_gridville, grunt_hell_entry_dis_grunt,
          minmay_hedge_maze, pan_entry
Zot:1:    layout_cellular_growth, uniq_josephina
Zot:2:    grunt_deathspiral_small, layout_onion_interference, uniq_grunn
Zot:3:    gammafunk_the_bubble [the_bubble_gammafunk_crates],
          layout_cathedral_of_symmetry, grunt_megastairs_1
Zot:4:    layout_onion_interference
Zot:5:    layout_basic, st_stairs_11

Skill      XL: |  1  2  3  4  5  6  7  8  9 10 11 12 13 14 15 16 17 18 19 20 21 22 23 24 25 |
---------------+----------------------------------------------------------------------------+-----
Stealth        | 2 3 4 5 8 |  8.0
Dodging        | 3 4 6 7 8 10 12 13 15 17 18 20 21 23 24 26 27 | 27.0
Fighting       | 2 3 4 6 7 8 9 12 13 14 15 17 18 19 20 22 23 | 23.2
Unarmed Combat | 5 7 8 9 10 11 13 15 16 17 18 20 21 22 23 | 23.6
Shapeshifting  | 4 5 6 8 11 14 16 18 19 20 21 22 | 22.0
Evocations     | 2 4 6 8 9 11 15 17 19 20 | 20.0
Translocations | 6 |  6.0

Action                     |  1- 3 |  4- 6 |  7- 9 | 10-12 | 13-15 | 16-18 | 19-21 | 22-24 | 25-27 || total
---------------------------+-------+-------+-------+-------+-------+-------+-------+-------+-------++-------
  Melee: Unarmed           |    71 |   104 |   268 |   731 |  1087 |  1126 |  1437 |  1293 |   167 ||  6284
         Bite              |     3 |     9 |    36 |   113 |   115 |   152 |   263 |   216 |    27 ||   934
         Punch             |     1 |     1 |     9 |    13 |    84 |   108 |   229 |   243 |    31 ||   719
         Maw               |       |       |       |    48 |    32 |       |       |       |       ||    80
         Tailslap          |       |       |       |       |   144 |    30 |       |       |       ||   174
   Cast: Passwall          |       |       |       |       |       |     2 |       |       |       ||     2
 Invoke: Serpent's Lash    |       |       |     6 |     7 |    10 |    11 |     9 |     8 |     5 ||    56
         Heavenly Storm    |       |       |       |       |       |     2 |     1 |     2 |       ||     5
Ability: Lunge             |    12 |     9 |    42 |    54 |   135 |   125 |    75 |    97 |    20 ||   569
         Whirlwind         |       |       |    14 |   143 |    81 |   203 |   129 |   163 |    17 ||   750
         Evoke Blink       |       |       |       |     7 |     3 |       |     5 |       |       ||    15
         Breathe Fire      |       |       |       |       |    36 |    10 |       |       |       ||    46
         Wall Jump         |       |       |       |       |       |       |       |     1 |       ||     1
  Evoke: Wand              |       |       |    12 |    11 |     2 |     4 |    10 |    14 |     2 ||    55
         Tin of tremorston |       |       |       |       |       |     7 |     2 |     3 |       ||    12
         Sack of spiders   |       |       |       |       |       |     1 |       |     1 |       ||     2
    Use: Scroll            |       |     1 |     4 |     9 |     8 |     8 |     5 |     6 |    13 ||    54
         Potion            |       |     1 |       |     3 |     1 |     1 |     3 |     2 |    10 ||    21
   Stab: Sleeping          |     9 |     8 |    21 |    21 |    28 |    23 |    24 |    28 |     6 ||   168
         Distracted        |     1 |       |       |     3 |     6 |     7 |     6 |    13 |     2 ||    38
         Confused          |       |     1 |       |       |       |       |       |       |       ||     1
         Paralysed         |       |       |       |     6 |       |     1 |     2 |     3 |     1 ||    13
         Petrified         |       |       |       |       |       |     1 |       |       |       ||     1
         Invisible         |       |       |       |       |       |       |       |       |     7 ||     7
 Armour: Skin              |    16 |    37 |    38 |   150 |   487 |   629 |   521 |   328 |    54 ||  2260
  Dodge: Dodged            |    43 |    92 |   146 |   700 |   890 |  2172 |  2293 |  1865 |   258 ||  8459
   Form: Flux              |       |       |       |     1 |       |       |       |       |       ||     1
         Maw               |       |       |       |     1 |       |       |       |       |       ||     1
         Dragon            |       |       |       |       |     1 |       |       |       |     1 ||     2
         Statue            |       |       |       |       |       |     1 |       |       |     1 ||     2

Table legend: (Time is in decaauts)
 A = Elapsed time spent in this place.
 B = Non-inter-level travel time spent in this place.
 C = Inter-level travel time spent in this place.
 D = Time resting spent in this place.
 E = Time spent auto-exploring this place.
 F = Levels seen in this place.
 G = Mean time per level.
                   A        B        C        D        E       F      G
               +--------+--------+--------+--------+--------+-----+--------+
         Total |  64614 |  58460 |   6154 |   7426 |  37021 |  53 | 1219.1 |
       Dungeon |  14525 |  12219 |   2306 |   1042 |   8624 |  15 |  968.3 |
          Lair |   6268 |   5563 |    705 |    702 |   3186 |   5 | 1253.6 |
        Shoals |   5209 |   4835 |    374 |   1796 |   1897 |   4 | 1302.2 |
   Spider Nest |   6637 |   6302 |    335 |    112 |   5061 |   4 | 1659.2 |
  Orcish Mines |   2817 |   2306 |    511 |    362 |   1266 |   2 | 1408.5 |
   Elven Halls |   5219 |   5026 |    193 |    741 |   3349 |   3 | 1739.7 |
        Vaults |   8844 |   7976 |    868 |    171 |   5730 |   5 | 1768.8 |
         Crypt |   3085 |   3006 |     79 |      0 |   2151 |   3 | 1028.3 |
        Depths |   6949 |   6446 |    503 |    424 |   4515 |   4 | 1737.2 |
           Zot |   3361 |   3085 |    276 |   1470 |    868 |   5 |  672.2 |
        Bazaar |     91 |     91 |      0 |      0 |     28 |   1 |   91.0 |
      Ice Cave |   1254 |   1254 |      0 |    580 |    160 |   1 | 1254.0 |
      Gauntlet |    349 |    349 |      0 |     22 |    181 |   1 |  349.0 |
               +--------+--------+--------+--------+--------+-----+--------+

Top non-repeatable levels by time:
   Elf:3: 3459 daAuts
Spider:4: 2946 daAuts
Vaults:3: 2205 daAuts
Depths:2: 2180 daAuts
   Orc:2: 1823 daAuts
Vaults:5: 1820 daAuts
  Lair:1: 1764 daAuts
Depths:3: 1735 daAuts
   Zot:5: 1731 daAuts
Vaults:1: 1689 daAuts
Vaults:2: 1630 daAuts
Depths:4: 1542 daAuts
Spider:1: 1508 daAuts
Vaults:4: 1498 daAuts
Depths:1: 1490 daAuts
